Map: Persephone LE

Players

ShoWTimE

  • Race: Protoss Protoss
  • League: Grandmaster
  • Spawn Location: 11:00

Jumy (ForJumy) - Winner!

  • Race: Protoss Protoss
  • League: Grandmaster
  • Spawn Location: 7:00

Event: HomeStory Cup XXVII

VOD

Have the link to the VOD?

Description

Time

  • Played on: June 27, 2025, 12:35 p.m.
  • Length: 6:54

All games in this series

Show
View Real Time Build Order
Export as new Build Order

ShoWTimE Protoss 

Build Orders: Phoenix Opening, Blink Stalkers 

Get SALT Encoding   

  12  0:00  Probe  
  13  0:12  Probe  
  14  0:17  Pylon  
  14  0:23  Probe  
  15  0:31  Probe  
  15  0:36  Gateway  
  15  0:39  Probe  
  16  0:45  Assimilator  
  17  0:51  Probe  
  17  0:53  Assimilator  
  18  0:59  Probe  
  19  1:07  Probe  
  19  1:09  Gateway  
  19  1:17  Probe  
  20  1:23  Cybernetics Core  
  21  1:29  Probe  
  22  1:38  Pylon  
  22  1:41  Probe  
  23  1:49  Warp Gate  
  23  1:56  Probe, Stalker  
  26  2:05  Sentry  
  26  2:08  Probe  
  29  2:10  Pylon  
  29  2:26  Pylon  
  29  2:27  Sentry  
  31  2:39  Phoenix  
  31  2:40  Nexus  
  31  2:42  Probe  
  32  2:45  Sentry  
  32  2:49  Stalker  
  34  2:56  Probe  
  37  3:07  Pylon  
  37  3:10  Probe  
  38  3:15  Twilight Council  
  38  3:22  Probe  
  38  3:23  Blink  
  39  3:34  Probe  
  39  3:39  Pylon  
  39  3:40  Stalker  
  42  3:43  Stalker  
  42  3:45  Phoenix  
  42  3:46  Probe  
  45  3:54  Probe  
  46  4:02  Probe  
  47  4:06  Probe  
  47  4:08  Shield Battery  
  48  4:14  Probe  
  49  4:18  Stalker  
  49  4:21  Stalker  
  49  4:24  Probe  
  54  4:26  Probe  
  54  4:30  Gateway  
  55  4:36  Probe  
  56  4:39  Probe, Shield Battery  
  57  4:48  Probe  
  58  4:53  Stalker x2  
  58  4:55  Probe  
  58  4:57  Assimilator  
  63  5:00  Probe  
  64  5:07  Probe  
  64  5:09  Pylon  
  64  5:11  Nexus  
  65  5:19  Stalker x2  
  69  5:26  Robotics Facility  
  69  5:36  Stalker  
  69  5:55  Stalker x2  
  50  6:10  Robotics Facility  
  38  6:31  Stalker  
Show
View Real Time Build Order
Export as new Build Order

Jumy Protoss - Winner!

Build Orders:  

Get SALT Encoding   

  12  0:00  Probe  
  13  0:12  Probe  
  14  0:17  Pylon  
  14  0:24  Probe  
  15  0:33  Probe  
  15  0:35  Gateway  
  15  0:41  Probe  
  16  0:46  Assimilator  
  17  0:51  Probe  
  17  0:55  Assimilator  
  18  1:00  Probe  
  19  1:07  Gateway  
  19  1:08  Probe  
  19  1:18  Probe  
  20  1:24  Cybernetics Core  
  21  1:30  Probe  
  22  1:34  Pylon  
  22  1:42  Probe  
  23  1:54  Probe  
  23  2:00  Adept x2  
  23  2:01  Warp Gate  
  28  2:06  Probe  
  29  2:13  Pylon  
  29  2:18  Probe  
  30  2:30  Probe, Adept x2  
  34  2:42  Probe  
  35  2:56  Probe  
  35  2:58  Robotics Facility  
  36  3:05  Nexus  
  36  3:09  Sentry  
  38  3:15  Pylon  
  38  3:18  Probe  
  39  3:33  Probe  
  40  3:34  Twilight Council  
  40  3:43  Forge  
  40  3:45  Probe  
  41  3:52  Stalker  
  43  3:58  Probe  
  43  4:00  Sentry  
  46  4:09  Probe  
  46  4:12  Dark Shrine  
  46  4:14  Probe  
  47  4:17  Probe, Protoss Ground Weapons Level 1  
  47  4:22  Probe  
  49  4:25  Probe, Assimilator  
  49  4:30  Warp Prism  
  51  4:32  Probe  
  52  4:41  Probe  
  53  4:48  Gateway  
  53  4:49  Probe  
  50  4:54  Shield Battery  
  50  4:55  Stalker  
  52  5:01  Probe  
  53  5:09  Stalker  
  53  5:10  Gateway, Probe  
  54  5:16  Probe  
  54  5:17  Shield Battery  
  54  5:19  Pylon  
  55  5:28  Dark Templar  
  55  5:33  Dark Templar  
  57  5:36  Probe  
  57  5:41  Immortal  
  56  5:44  Dark Templar  
  56  5:49  Pylon  
  50  5:50  Probe  
  50  5:55  Dark Templar  
  46  6:00  Probe  
  45  6:07  Probe  
  40  6:13  Probe  
  36  6:24  Stalker  
  36  6:25  Probe  
  39  6:35  Stalker  
  40  6:41  Stalker  
Tags
 
Add a new tag
Caveats
  • Supply blocks, unpowered buildings, or Contaminate may cause inaccurate times.
  • Supply counts are checked every 10 seconds.